[Event "*** Titled Tuesday Blitz"]
[Site "Chess.com"]
[Date "2020.12.29"]
[Round "2"]
[White "djano"]
[Black "Schwindle"]
[Result "1-0"]
[WhiteElo "2455"]
[BlackElo "2255"]
[TimeControl "180+1"]
[EndTime "10:17:29 PST"]
[Termination "djano won by checkmate"]

1. d4 Nf6 2. Nf3 e6 3. Bf4 b6 4.
Nbd2 Bb7 5. e3 c5 6. Nc4 d5 7. Nce5 a6 8. Ng5 Qe7 9. Nexf7 Rg8 10.
Nd6+ Kd8 11. Ngf7+ Kd7 12. Ne5+ Kd8 13. dxc5 bxc5 14.
Qd2 Nc6 15. Nxb7+ Qxb7 16. Nxc6+ Qxc6 17. Bd3 g5 18. Be5 Ng4 19. Bg3 Ra7 20. h3 Nf6 21.
O-O h5 22. Rfe1 h4 23. Be5 Nd7 24. Bh2 Nf6 25. e4 c4 26. exd5 exd5 27. Bf5 Bc5 28. Re6 Bxf2+ 29. Qxf2 Qb7 30. Rxf6 Rg7 31. Rd6+ Ke8 32.
Re1+ Kf8 33. Rd8+ Kf7 34. Rd7+ Qxd7 35. Bxd7+ Kg8 36. Re8+ Kh7 37. Qf5+ Rg6 38. Re7+ Kh6 39. Be8 Rxe7 40. Qxg6# 1-0

[Event "*** Titled Tuesday Blitz"]
[Site "Chess.com"]
[Date "2020.12.29"]
[Round "2"]
[White "BelaKis"]
[Black "supertfc"]
[Result "0-1"]
[WhiteElo "2134"]
[BlackElo "2404"]
[TimeControl "180+1"]
[EndTime "10:17:30 PST"]
[Termination "supertfc won on time"]

1. d4 Nf6 2. c4 e6 3. Nc3 Bb4 4. e3 O-O 5. Nf3 d5 6. Bd3 c5 7.
a3 Bxc3+ 8. bxc3 dxc4 9. Bxc4 b6 10. O-O Nc6 11. Qe2 Na5 12. Ba2 Qc7 13. e4 Bb7 14. e5 Nd5 15. Bb2 c4 16. Rad1 Nf4 17. Qe3 Nd3 18.
Rxd3 cxd3 19. Qxd3 Bd5 20. Bb1 g6 21. Qe3 Nc4 22.
Qc1 Nxb2 23. Qxb2 Rac8 24. Rc1 Qc6 25. Ne1 Rc7 26. f3 Rfc8 27. Nd3 a6 28. Nf2 Qb5 29. Qd2 Rxc3 30. Rxc3 Qxb1+ 0-1

[Event "*** Titled Tuesday Blitz"]
[Site "Chess.com"]
[Date "2020.12.29"]
[Round "2"]
[White "MatyChess1"]
[Black "Semen_Khanin"]
[Result "0-1"]
[WhiteElo "2526"]
[BlackElo "2796"]
[TimeControl "180+1"]
[EndTime "10:17:34 PST"]
[Termination "Semen_Khanin won by resignation"]

1. e4 e5 2. Nf3 Nc6 3. Bc4 Bc5 4.
c3 Nf6 5. d3 d6 6. Nbd2 a6 7.
h3 h6 8. Bb3 Qe7 9. Nf1 Bd7 10.
Ng3 O-O-O 11. Ba4 d5 12. Qe2 dxe4 13. dxe4 Bb6 14. O-O g5 15. Nh2 Kb8 16. Be3 Nd4 17. cxd4 Bxa4 18. dxe5 Qxe5 19. Rfc1 Bb5 20. Qf3 Rd3 21.
Bxb6 cxb6 22. Qf5 Qxf5 23. exf5 Rhd8 24. Nf3 R8d5 25. Re1 Rc5 26. Rac1 Rxc1 27. Rxc1 Rd5 28.
Re1 Bc6 29. Re7 Rd1+ 30. Re1 Bxf3 0-1

[Event "*** Titled Tuesday Blitz"]
[Site "Chess.com"]
[Date "2020.12.29"]
[Round "2"]
[White "IMAghasiyevKamal"]
[Black "anpospan"]
[Result "1-0"]
[WhiteElo "2608"]
[BlackElo "2323"]
[TimeControl "180+1"]
[EndTime "10:17:34 PST"]
[Termination "IMAghasiyevKamal won on time"]

1. d4 Nf6 2. c4 c5 3. d5 e6 4. Nc3 exd5 5. cxd5 d6 6. Nf3 g6 7. g3 a6 8. a4 Bg7 9. Bg2 O-O 10. O-O Nbd7 11.
Bf4 Qe7 12. a5 h6 13. Rb1 g5 14. Bd2 Ng4 15. b4 Nge5 16. Nxe5 Bxe5 17. Na4 cxb4 18. Bxb4 f5 19. Qc2 Nf6 20. Nb6 Rb8 21. Nc4 f4 22. Nxe5 Qxe5 23. Qg6+ Kh8 24. Qxh6+ Kg8 25. Rbc1 Rf7 26.
Bc3 Qf5 27. e4 Qh7 28. Qxg5+ Qg7 29. gxf4 Bg4 30. Bd4 Kh7 31. Rc3 Rg8 32. Qh4+ Qh6 33. Qxh6+ Kxh6 34. Rg3 Nh5 35. f5 Nxg3 36. fxg3 Be2 37.
Rf4 Bb5 38. Bf3 1-0

[Event "*** Titled Tuesday Blitz"]
[Site "Chess.com"]
[Date "2020.12.29"]
[Round "2"]
[White "Zmeeed63"]
[Black "Bodnar_Mykola"]
[Result "1-0"]
[WhiteElo "2333"]
[BlackElo "2542"]
[TimeControl "180+1"]
[EndTime "10:17:34 PST"]
[Termination "Zmeeed63 won by resignation"]

1. d4 Nf6 2. c4 g6 3. Nc3 Bg7 4. Nf3 O-O 5. Bg5 c5 6. d5 d6 7. e3 a6 8. Be2 b5 9. cxb5 axb5 10.
Bxb5 Ne4 11. Nxe4 Qa5+ 12. Qd2 Qxb5 13. Bxe7 Re8 14. Nxd6 Qxb2 15. Qxb2 Bxb2 16. Nxe8 Bxa1 17. O-O Rxa2 18. Bxc5 Na6 19. Bd4 Bxd4 20. Nxd4 Kf8 21. Nd6 Bd7 22. h3 Ke7 23. Ne4 f5 24. d6+ Kf7 25.
Ng5+ Kg7 26. Rb1 h6 27. Rb7 Nc5 28. Nge6+ Nxe6 29. Nxe6+ Kf6 30. Nc5 Bc6 31. Rb6 Bd5 32.
d7+ Ke7 33. Rb8 1-0

[Event "*** Titled Tuesday Blitz"]
[Site "Chess.com"]
[Date "2020.12.29"]
[Round "2"]
[White "Sadykov_Ramil"]
[Black "GMJustin"]
[Result "1-0"]
[WhiteElo "2533"]
[BlackElo "2312"]
[TimeControl "180+1"]
[EndTime "10:17:34 PST"]
[Termination "Sadykov_Ramil won on time"]

1. e4 e5 2. Nf3 Nc6 3. Bb5 Nd4 4. Nxd4 exd4 5. O-O Bc5 6. Bc4 d6 7. d3 Ne7 8. f4 d5 9. exd5 Nxd5 10. Qh5 c6 11. Nd2 O-O 12. Ne4 Be7 13. f5 Nf6 14. Qf3 Nxe4 15. dxe4 Bf6 16. Bf4 Qe7 17. e5 Bxe5 18.
Rae1 Qc5 19. Bxe5 d3+ 20. Kh1 Qxc4 21. cxd3 Qd5 22. Re4 f6 23. Bc3 Bd7 24. Qg3 Bxf5 25. Rd4 Qe5 26. Rdf4 Qe2 27. Rxf5 1-0

[Event "*** Titled Tuesday Blitz"]
[Site "Chess.com"]
[Date "2020.12.29"]
[Round "2"]
[White "HouseOfDurin"]
[Black "Koalaskakistis"]
[Result "0-1"]
[WhiteElo "2099"]
[BlackElo "2391"]
[TimeControl "180+1"]
[EndTime "10:17:35 PST"]
[Termination "Koalaskakistis won on time"]

1. d4 Nf6 2. Bg5 Ne4 3. h4 c5 4.
dxc5 Qa5+ 5. Nd2 Nxg5 6. hxg5 Qxc5 7. Ngf3 Nc6 8. e4 d5 9. exd5 Qxd5 10. Bc4 Qc5 11. Bd3 Bg4 12. g6 h5 13. gxf7+ Kxf7 14. Nb3 Qd6 15. Qe2 Qf4 16. Bc4+ e6 17. Rh4 Rd8 18.
Bxe6+ Kf6 19. Bxg4 Bb4+ 20. c3 Rde8 21. Be6 Qxh4 22.
Nxh4 Rxe6 23. Qxe6+ Kxe6 24. cxb4 Nxb4 25. O-O-O Nxa2+ 26. Kb1 Nb4 27. Nf3 b6 28. Nbd4+ Kf6 29. Rc1 Re8 30. Rc6+ Kf7 31. b3 Nxc6 32. Nxc6 Re2 33. Nce5+ Ke6 34. Nd3 Kd6 0-1

[Event "*** Titled Tuesday Blitz"]
[Site "Chess.com"]
[Date "2020.12.29"]
[Round "2"]
[White "Airquake"]
[Black "GMBenjaminBok"]
[Result "0-1"]
[WhiteElo "2558"]
[BlackElo "2882"]
[TimeControl "180+1"]
[EndTime "10:17:37 PST"]
[Termination "GMBenjaminBok won by resignation"]

1. e4 c5 2. Nf3 d6 3. Nc3 Nf6 4. g3 Nc6 5. Bg2 g6 6. O-O Bg7 7. Re1 Nd7 8. Ne2 O-O 9. c3 Nf6 10. d3 e5 11. h3 d5 12. exd5 Nxd5 13. d4 cxd4 14. cxd4 e4 15. Ng5 f5 16. Qb3 Kh8 17.
Nc3 Nce7 18. h4 b6 19. Be3 h6 20. Nh3 Be6 21. Qa4 Qd7 22. Qa6 Nb4 23. Qe2 Nd3 24. Nf4 Nxe1 25. Rxe1 Bf7 26. Qd2 Rac8 27. d5 Rfd8 28.
Bd4 Kh7 29. Bf6 Bxf6 0-1

[Event "*** Titled Tuesday Blitz"]
[Site "Chess.com"]
[Date "2020.12.29"]
[Round "2"]
[White "PaulfromSPb"]
[Black "ChronicUnhappiness"]
[Result "1-0"]
[WhiteElo "2673"]
[BlackElo "2337"]
[TimeControl "180+1"]
[EndTime "10:17:38 PST"]
[Termination "PaulfromSPb won on time"]

1. e4 c5 2. Ne2 Nc6 3. g3 g6 4. Bg2 Bg7 5. c3 e5 6. f4 d6 7. d3 Nge7 8. Be3 O-O 9. Nd2 f5 10. O-O Be6 11. Nf3 Kh8 12. Qd2 b6 13. Nh4 Rc8 14. exf5 Nxf5 15. Nxf5 Bxf5 16. Rae1 d5 17.
d4 cxd4 18. cxd4 e4 19. h3 h5 20. Nc3 Qd7 21. Kh2 Na5 22. b3 Rf6 23. Rc1 Bf8 24. Ne2 Ba3 25. Rxc8+ Qxc8 26. Qc3 Rc6 27. Qe1 Rc2 28.
g4 hxg4 29. hxg4 Bxg4 30. Qh4+ Kg8 31. f5 Bxf5 32. Nf4 Qd7 33. Kh1 Nc6 34. Qg3 Qf7 35. Kg1 Bd6 36. Qg5 Ne7 37. Nh5 Qe6 38. Nf6+ Kf7 39. Nh7 Kg8 40. Qh4 1-0

[Event "*** Titled Tuesday Blitz"]
[Site "Chess.com"]
[Date "2020.12.29"]
[Round "2"]
[White "NaciSAN"]
[Black "Firegrizzly"]
[Result "1/2-1/2"]
[WhiteElo "2167"]
[BlackElo "2600"]
[TimeControl "180+1"]
[EndTime "10:17:39 PST"]
[Termination "Game drawn by repetition"]

1. e4 e6 2. d3 d5 3. Nd2 c5 4. Ngf3 Nf6 5. g3 b6 6. Bg2 Bb7 7. O-O Qc7 8. Re1 Nc6 9. c3 Be7 10. e5 Nd7 11. Qe2 g5 12. h3 h5 13. g4 O-O-O 14. a3 hxg4 15. hxg4 d4 16. cxd4 Nxd4 17. Nxd4 cxd4 18. Nf3 Kb8 19. Bd2 Nc5 20. Rac1 Qd7 21. b4 Na4 22. Rc4 Bd5 23. Rxd4 Qb7 24. Rxd5 Qxd5 25.
d4 b5 26. Be3 Qc4 27. Qd2 Qc3 28. Qe2 Qc4 29. Qd2 Rc8 30. Bf1 Qd5 31. Bg2 Qc4 32.
Bf1 Qc2 33. Bxb5 Qxd2 34. Nxd2 Nc3 35. Bf1 Rhd8 36. Bg2 a6 37. Nb3 Nb5 38. Nc5 Bxc5 39.
bxc5 Nxa3 40. Ra1 Nb5 41. Rxa6 Nxd4 42. Ra8+ Kc7 43. Ra7+ Kb8 44. Ra8+ Kc7 45. Ra7+ Kb8 46. Ra8+ 1/2-1/2

[Event "*** Titled Tuesday Blitz"]
[Site "Chess.com"]
[Date "2020.12.29"]
[Round "2"]
[White "Nara_Kh"]
[Black "Rsnr"]
[Result "0-1"]
[WhiteElo "2351"]
[BlackElo "2792"]
[TimeControl "180+1"]
[EndTime "10:17:39 PST"]
[Termination "Rsnr won by resignation"]

1. e4 c6 2. Nc3 d5 3. Nf3 Bg4 4. h3 Bh5 5. g4 Bg6 6. exd5 cxd5 7. Bb5+ Nc6 8. d4 e6 9. Ne5 Rc8 10. Be3 Bb4 11. h4 Qa5 12. Qd2 Bxc3 13. Bxc6+ Rxc6 14. bxc3 Qxc3 15. Nxc6 Qxa1+ 16. Ke2 Qxa2 17. Nb4 Qc4+ 18.
Nd3 Nf6 19. h5 Ne4 20. Qc1 Nc3+ 21. Kd2 Be4 22. Rg1 O-O 23. Qb2 Rc8 24. Ra1 Na4 25. Qb3 b5 26. Qxc4 Rxc4 27. Ra2 f6 28. Nc5 Kf7 29.
Nxe4 dxe4 30. d5 exd5 31. Bxa7 d4 32. Ra3 Ke6 33. Rb3 Nc3 34. Bxd4 Rxd4+ 35. Kxc3 Rd5 36. Kb2 Ke5 37. Re3 Kf4 38. Rb3 g5 39. Rg3 h6 40.
Kb3 Rd2 41. Kb4 Rxf2 42. Rc3 e3 43. Kxb5 e2 44. Rc4+ Kf3 45. Rc3+ Kf4 46. Rc4+ Ke5 47. Rc5+ Ke6 48. Rc6+ Kd7 0-1

[Event "*** Titled Tuesday Blitz"]
[Site "Chess.com"]
[Date "2020.12.29"]
[Round "2"]
[White "Europe03"]
[Black "Savva09022009"]
[Result "0-1"]
[WhiteElo "2305"]
[BlackElo "2640"]
[TimeControl "180+1"]
[EndTime "10:17:43 PST"]
[Termination "Savva09022009 won by resignation"]

1. d4 Nf6 2. c4 e6 3. Nf3 d5 4. Nc3 dxc4 5. e3 a6 6. Bxc4 b5 7. Bd3 Bb7 8. Qe2 Nbd7 9. O-O Be7 10. e4 O-O 11. e5 Nd5 12. Ne4 c5 13. dxc5 Qc7 14.
Nd6 Nxc5 15. Nxb7 Nxd3 16. Qxd3 Qxb7 17. Bg5 Bc5 18. Rac1 Rac8 19. h4 h6 20. Bd2 Rfd8 21. Qe4 Qb6 22. Qg4 Kh8 23. b4 Bf8 24. a3 Qb7 25. Rfd1 Nb6 26. Rxc8 Rxc8 27. Bc1 Nc4 28. Nd2 Nxe5 29. Qg3 Nc4 30. Nxc4 bxc4 31. Bb2 Qc6 32. Bc3 f6 33. Qg6 e5 34. Qf5 Qc7 35. Rd7 Qc6 36. Ra7 Rd8 37. Qg6 Qe6 38. Rf7 Kg8 39. h5 Qxf7 0-1

[Event "*** Titled Tuesday Blitz"]
[Site "Chess.com"]
[Date "2020.12.29"]
[Round "2"]
[White "platy3"]
[Black "PotapovaM"]
[Result "1-0"]
[WhiteElo "2835"]
[BlackElo "2541"]
[TimeControl "180+1"]
[EndTime "10:17:44 PST"]
[Termination "platy3 won by resignation"]

1. e4 c5 2. Nf3 d6 3. d4 cxd4 4. Qxd4 Nc6 5. Qe3 g6 6. Be2 Bg7 7. O-O Nf6 8. h3 O-O 9. Rd1 Nd7 10. Nc3 b6 11. Nd5 Bb7 12. c3 e6 13. Nf4 Qe7 14. Qd2 Nc5 15. Qxd6 Qxd6 16. Rxd6 Nxe4 17. Rd7 Nc5 18. Rd1 Rfd8 19. Be3 Na4 20. Rab1 Rxd1+ 21. Bxd1 Nc5 22. Bc2 Rd8 23. Bxc5 bxc5 24. Be4 f5 25. Bxc6 Bxc6 26. Nxe6 Rb8 27. Nxg7 Kxg7 28. Nd2 Rd8 29. Nb3 Be4 30. Re1 c4 31. Nc5 Kf7 32. Nxe4 fxe4 33. Rxe4 Rd1+ 34. Kh2 Rd2 35. Rxc4 Rxb2 36. Rc7+ Kf6 37. Rxh7 Rxa2 38. Kg3 Rc2 39. f3 a5 40. Ra7 Ra2 41. c4 a4 42. c5 a3 43. c6 Rc2 44. c7 a2 45. Rxa2 Rxc7 46. Ra6+ Kg5 47. h4+ Kh5 48. Kh3 Rc4 49. g4+ Kh6 50. h5 1-0

[Event "*** Titled Tuesday Blitz"]
[Site "Chess.com"]
[Date "2020.12.29"]
[Round "2"]
[White "OK97"]
[Black "pavel_skatchkov"]
[Result "0-1"]
[WhiteElo "2794"]
[BlackElo "2567"]
[TimeControl "180+1"]
[EndTime "10:17:46 PST"]
[Termination "pavel_skatchkov won by resignation"]

1. d4 d5 2. c4 c6 3. Nc3 Nf6 4. e3 Bf5 5. Nf3 e6 6. Nh4 Be4 7. f3 Bg6 8. g4 Nbd7 9. g5 Nh5 10. e4 dxe4 11. fxe4 Be7 12. Rg1 Qc7 13. Nf3 O-O-O 14. Be3 f5 15. e5 Nc5 16. Qe2 f4 17. Bc1 Nd3+ 18. Kd1 Qb6 19. Na4 Qa5 20. b3 Kb8 21. Bd2 Bb4 22. Bh3 b5 23. Nc5 Nxc5 24. dxc5 Rxd2+ 25. Nxd2 Rd8 26. Rg2 f3 27. Qxf3 Bxd2 28. Qxc6 Nf4 29. Qxb5+ Qxb5 30. cxb5 Nxg2 31. Bxg2 Bc3+ 0-1

[Event "*** Titled Tuesday Blitz"]
[Site "Chess.com"]
[Date "2020.12.29"]
[Round "2"]
[White "winniethepooh04"]
[Black "Lucas_Tomiello"]
[Result "1-0"]
[WhiteElo "2232"]
[BlackElo "2419"]
[TimeControl "180+1"]
[EndTime "10:17:46 PST"]
[Termination "winniethepooh04 won on time"]

1. e4 c5 2. Nf3 d6 3. d4 cxd4 4.
Nxd4 Nf6 5. Nc3 a6 6. Bg5 Nbd7 7. f4 Qc7 8. Qd2 h6 9. Bh4 e6 10. Bd3 b5 11. a3 Bb7 12. O-O-O Be7 13. Bg3 Nc5 14.
Rhe1 Nh5 15. Bf2 Nxf4 16. Bxb5+ axb5 17. Ndxb5 Qb6 18. b4 O-O 19. bxc5 dxc5 20. Be3 Ng6 21. Qd7 Bc6 22. Qc7 Qxc7 23. Nxc7 Rxa3 24. N3b5 Ra5 25. Bd2 Rxb5 26. Nxb5 Bxb5 27. Bc3 Bf6 28. e5 Bg5+ 29.
Kb2 Rb8 30. Ka3 1-0

[Event "*** Titled Tuesday Blitz"]
[Site "Chess.com"]
[Date "2020.12.29"]
[Round "2"]
[White "Kolle05"]
[Black "Matveev_Vladimir"]
[Result "0-1"]
[WhiteElo "2379"]
[BlackElo "2698"]
[TimeControl "180+1"]
[EndTime "10:17:47 PST"]
[Termination "Matveev_Vladimir won on time"]

1. e4 c5 2. Nf3 d6 3. Bb5+ Nd7 4. O-O Nf6 5. Re1 a6 6. Bf1 e5 7. c3 h6 8. d4 Be7 9. a4 O-O 10. a5 Re8 11. Nbd2 Bf8 12. d5 Be7 13. Nc4 Rb8 14. h3 Nf8 15. Be3 Ng6 16. b4 Nxe4 17. bxc5 Nxc3 18. Qd3 Nb5 19. c6 bxc6 20. dxc6 d5 21. Ncxe5 Nxe5 22. Nxe5 d4 23. Bf4 Bd6 24. Rac1 Be6 25.
Bg3 Qc7 26. Qe4 Qxa5 27. Bd3 f5 28. Qh4 Nc3 29. Bf4 Qc7 30. Ng6 Bxf4 31. Qxf4 Qxc6 32. Ne5 Qd5 33. Bxf5 Bxf5 34. Qxf5 Rf8 35. Qd7 Rbd8 36. Qxd5+ Rxd5 37. Nf3 Rc8 38. Re5 Ne2+ 0-1

[Event "*** Titled Tuesday Blitz"]
[Site "Chess.com"]
[Date "2020.12.29"]
[Round "2"]
[White "Tekushka"]
[Black "chess4life23"]
[Result "1-0"]
[WhiteElo "2448"]
[BlackElo "2234"]
[TimeControl "180+1"]
[EndTime "10:17:47 PST"]
[Termination "Tekushka won by resignation"]

1. e4 c6 2. d4 d5 3. Nd2 dxe4 4. Nxe4 Nd7 5. Ng5 Ngf6 6. Bd3 e6 7. Qe2 Bd6 8. N1f3 h6 9. Ne4 Nxe4 10. Qxe4 Nf6 11. Qe2 Qc7 12. Bd2 b6 13. O-O-O Bb7 14. Kb1 O-O-O 15.
Ba6 Bxa6 16. Qxa6+ Kb8 17. Rhe1 Ng4 18. Qe2 Rhe8 19. h3 Nf6 20. Ne5 Bxe5 21. dxe5 Nd5 22. Qg4 Rg8 23. h4 g5 24. hxg5 hxg5 25. Bxg5 Rc8 26.
Qh4 b5 27. f4 Qa5 28. Qf2 Qb4 29. Rd3 c5 30. Rb3 Qa5 31. c4 Nb4 32. a3 bxc4 33. axb4 Qa4 34. Ra3 Qxb4 35. Rc1 Rc6 36. Qc2 Rb6 37.
Ra4 Qb3 38. Qxb3 1-0

[Event "*** Titled Tuesday Blitz"]
[Site "Chess.com"]
[Date "2020.12.29"]
[Round "2"]
[White "comsac"]
[Black "Schack-Hugo"]
[Result "1-0"]
[WhiteElo "2406"]
[BlackElo "2162"]
[TimeControl "180+1"]
[EndTime "10:17:47 PST"]
[Termination "comsac won on time"]

1. e4 c5 2. c3 g6 3. d4 cxd4 4.
cxd4 d5 5. exd5 Nf6 6. Nf3 Nxd5 7. Nc3 Bg7 8. Bc4 Nb6 9. Be2 O-O 10. O-O Nc6 11.
Be3 Nb4 12. Ne4 Bf5 13. Ng3 Be6 14. Qd2 Nc6 15. Rfd1 Bd5 16. Bh6 Qd6 17. Bxg7 Kxg7 18. Qg5 Kh8 19. Qh6 Qf6 20. Ng5 Qg7 21. Qh4 Kg8 22. Bf3 Bxf3 23. Nxf3 Nd5 24. Ne5 Nxe5 25. dxe5 Rad8 26. e6 fxe6 27. Qe4 Qf6 28. f3 Nf4 29.
Re1 1-0

[Event "*** Titled Tuesday Blitz"]
[Site "Chess.com"]
[Date "2020.12.29"]
[Round "2"]
[White "StockholmMissile"]
[Black "HaryKane"]
[Result "0-1"]
[WhiteElo "2414"]
[BlackElo "2681"]
[TimeControl "180+1"]
[EndTime "10:17:49 PST"]
[Termination "HaryKane won on time"]

1. e4 e6 2. d4 d5 3. Nc3 Nf6 4. Bg5 Be7 5. e5 Nfd7 6. h4 h6 7. Bxe7 Qxe7 8. Bd3 a6 9. Nce2 c5 10. c3 Nc6 11. Nf3 O-O 12. O-O f6 13. Nf4 Rd8 14. Re1 fxe5 15. dxe5 Nf8 16. Bc2 Bd7 17. Qd3 Be8 18.
Rad1 Qf7 19. g3 Rac8 20. Bb1 d4 21. c4 b5 22. Nd2 Nb4 23. Qe2 bxc4 24. Nxc4 Bb5 25.
b3 Nd5 26. Qg4 Nxf4 27. Qxf4 Qxf4 28. gxf4 Bxc4 29. bxc4 Rb8 30. Bd3 Rb2 31. Rb1 Rdb8 32. Rxb2 Rxb2 33. Rb1 Rxa2 34. Rb7 Ra3 35. Be4 d3 36.
Rb8 Ra1+ 37. Kh2 d2 0-1

[Event "*** Titled Tuesday Blitz"]
[Site "Chess.com"]
[Date "2020.12.29"]
[Round "2"]
[White "Titus369"]
[Black "Keures"]
[Result "0-1"]
[WhiteElo "2535"]
[BlackElo "2331"]
[TimeControl "180+1"]
[EndTime "10:17:49 PST"]
[Termination "Keures won by checkmate"]

1. e4 e6 2. d4 d5 3. Nd2 Nf6 4. e5 Ne4 5. Nxe4 dxe4 6. Bc4 a6 7. a4 c5 8. d5 Qb6 9. c3 exd5 10. Qxd5 Be6 11.
Qxe4 Bxc4 12. Qxc4 Nc6 13. Nf3 Na5 14. Qe2 Nb3 15. Rb1 Qc6 16. O-O Be7 17. Bg5 Bxg5 18. Nxg5 h6 19. Ne4 O-O 20. Qc4 b5 21. Qxb3 Qxe4 22. axb5 axb5 23. Qxb5 Qxe5 24. Rfe1 Qf5 25. Rbd1 Rab8 26. Qe2 Rb7 27. Rd2 Rfb8 28. h3 g6 29. Qe5 Qxe5 30. Rxe5 c4 31. Rc5 Rxb2 32. Rxb2 Rxb2 33.
Rxc4 Kg7 34. Rc6 h5 35. g4 hxg4 36. hxg4 Rc2 37. Kg2 Rc1 38. Kg3 Rc2 39. f3 Rc1 40. g5 Rc2 41. Kf4 Rc1 42. Rc7 Rc2 43. Ke3 Kf8 44.
Kd4 Rc1 45. Ke5 Re1+ 46. Kf6 Re6# 0-1

[Event "*** Titled Tuesday Blitz"]
[Site "Chess.com"]
[Date "2020.12.29"]
[Round "2"]
[White "VladimirBugayev"]
[Black "Macron20hTF1"]
[Result "0-1"]
[WhiteElo "2287"]
[BlackElo "2471"]
[TimeControl "180+1"]
[EndTime "10:17:49 PST"]
[Termination "Macron20hTF1 won by resignation"]

1. e4 c5 2. Nc3 d6 3. f4 g6 4. Nf3 Bg7 5. Bc4 e6 6. d3 Ne7 7. Bb3 O-O 8. O-O Nbc6 9. Qe1 b5 10. a4 b4 11. Nb1 Na5 12. Nbd2 Bb7 13. Ba2 d5 14. e5 Rc8 15. c3 Ba6 16. c4 Qb6 17. b3 Rfd8 18. g4 Bb7 19. Kg2 Nac6 20. Bb1 Nd4 21. Kg3 dxc4 22. dxc4 Bxf3 23. Rxf3 Nxf3 24. Nxf3 Rd7 25. Be4 Rcd8 26. Be3 f5 27. exf6 Bxf6 28. Ra2 Qc7 29. Qf2 g5 30. Qg2 Rf8 31. Qh3 Ng6 32. Qh6 gxf4+ 33. Bxf4 Nxf4 34. Qxf4 Bh4+ 0-1

[Event "*** Titled Tuesday Blitz"]
[Site "Chess.com"]
[Date "2020.12.29"]
[Round "2"]
[White "Kazmin_Dmitrij"]
[Black "realmadridtv"]
[Result "0-1"]
[WhiteElo "2248"]
[BlackElo "2455"]
[TimeControl "180+1"]
[EndTime "10:17:49 PST"]
[Termination "realmadridtv won on time"]

1. e4 e5 2. Nf3 Nc6 3. Bb5 a6 4. Ba4 d6 5. O-O Bd7 6. c3 g5 7. d4 g4 8. Ne1 h5 9. f4 Bg7 10. dxe5 dxe5 11. f5 Qe7 12. Nd2 Nf6 13. b4 O-O-O 14.
Qe2 h4 15. Bb3 h3 16. g3 Nxb4 17. cxb4 Qxb4 18. Nc4 Bb5 19. Qc2 Rd4 20. Nd3 Qe7 21.
Ba3 Qd8 22. Bc5 Nxe4 23. Ba7 Bc6 24. Ndxe5 Bxe5 25. Nxe5 Rd2 26. Nxc6 Rxc2 27. Nxd8 Rg2+ 28. Kh1 Rxd8 29. Bxf7 Rdd2 30. Be6+ Kd8 0-1

[Event "*** Titled Tuesday Blitz"]
[Site "Chess.com"]
[Date "2020.12.29"]
[Round "2"]
[White "Donseng"]
[Black "Jumbo"]
[Result "0-1"]
[WhiteElo "2540"]
[BlackElo "2844"]
[TimeControl "180+1"]
[EndTime "10:17:50 PST"]
[Termination "Jumbo won on time"]

1. e4 c5 2. d4 cxd4 3. Nf3 d6 4.
Nxd4 Nf6 5. Nc3 a6 6. Be3 e6 7. g4 h6 8. h4 e5 9. Nf5 g6 10. Bg2 gxf5 11. exf5 Rg8 12. g5 Nc6 13. Qf3 Nd4 14.
Bxd4 exd4 15. O-O-O dxc3 16. Rhe1+ Kd7 17. gxf6 Qxf6 18.
bxc3 Kc7 19. Re8 Rxg2 20. Qxg2 Bg7 21. Rd4 h5 22. Rc4+ Kb6 23. Rexc8 Rxc8 24. Rxc8 Qxf5 25.
Rc4 Bh6+ 26. Kb2 a5 27. Qe4 Qb5+ 28. Ka1 Bc1 29. Qd4+ Ka6 30. Qxd6+ b6 31. Rb4 axb4 32. Qb8 Qc6 33. Kb1 bxc3 0-1

[Event "*** Titled Tuesday Blitz"]
[Site "Chess.com"]
[Date "2020.12.29"]
[Round "2"]
[White "Spriteball"]
[Black "Skatchkov_V"]
[Result "0-1"]
[WhiteElo "2304"]
[BlackElo "2496"]
[TimeControl "180+1"]
[EndTime "10:17:51 PST"]
[Termination "Skatchkov_V won on time"]

1. c4 e5 2. g3 Nf6 3. Bg2 d5 4. cxd5 Nxd5 5. Nc3 Nb6 6. Nf3 Nc6 7. d3 Be7 8. O-O O-O 9. Be3 Re8 10. Rc1 Bf8 11. d4 Nc4 12. d5 Nxe3 13. fxe3 Ne7 14. Nxe5 f6 15. Nc4 Nf5 16. e4 Bc5+ 17. Kh1 Nh6 18. Na4 Bf8 19. Qb3 Rb8 20. Nc3 Bd7 21. d6 Be6 22.
dxc7 Qxc7 23. Nd5 Qf7 24. Nce3 Rbc8 25. Qd3 Bc5 26. b3 Ba3 27. Rc4 Rxc4 28. bxc4 Bc5 29. Rb1 b6 30. Nf4 Bxe3 31. Nxe6 Ng4 32. Rf1 Qxe6 33.
Bh3 Qxe4+ 0-1

[Event "*** Titled Tuesday Blitz"]
[Site "Chess.com"]
[Date "2020.12.29"]
[Round "2"]
[White "VerdeNotte"]
[Black "Susal_De_Silva"]
[Result "1-0"]
[WhiteElo "2889"]
[BlackElo "2563"]
[TimeControl "180+1"]
[EndTime "10:17:55 PST"]
[Termination "VerdeNotte won by resignation"]

1. Nf3 Nf6 2. g3 b6 3. Bg2 Bb7 4. O-O g6 5. d3 Bg7 6. e4 d6 7. c4 c5 8. Nc3 O-O 9. h3 Nc6 10. Be3 Nd7 11. Qd2 Nd4 12. Bh6 Nxf3+ 13. Bxf3 f5 14.
Bg2 Bxh6 15. Qxh6 Ne5 16. f4 Nf7 17. Qh4 e6 18. Qxd8 Raxd8 19. Rae1 Rfe8 20. Re2 fxe4 21. Bxe4 Bxe4 22. Nxe4 Kg7 23. Rfe1 e5 24. Nc3 Rf8 25. Nd5 Rde8 26. Kg2 h5 27. a3 h4 28. gxh4 Rd8 29. Nc7 Kf6 30. Rf2 Ke7 31. f5 gxf5 32. Rxf5 Rg8+ 33. Kh2 Nh6 34. Nd5+ Kd7 35. Rf6 Rh8 36. Rg1 Rdg8 37. Rxh6 Rxg1 38. Rxh8 Rb1 39. Rh7+ Ke6 40. Rh6+ 1-0

[Event "*** Titled Tuesday Blitz"]
[Site "Chess.com"]
[Date "2020.12.29"]
[Round "2"]
[White "MaevskiyNikolay"]
[Black "champ2005"]
[Result "0-1"]
[WhiteElo "2597"]
[BlackElo "3003"]
[TimeControl "180+1"]
[EndTime "10:17:56 PST"]
[Termination "champ2005 won on time"]

1. d4 g6 2. e4 d6 3. Nf3 Bg7 4. Bc4 Nf6 5. Nbd2 O-O 6. Qe2 Nc6 7. c3 e5 8. dxe5 Nxe5 9. Nxe5 dxe5 10. O-O Nh5 11.
Nf3 h6 12. Be3 Qf6 13. Nd2 Nf4 14. Bxf4 exf4 15. Rfe1 Re8 16. Qd3 Bg4 17. h3 Rad8 18.
Qc2 Bxh3 19. gxh3 f3 20. Nf1 Qg5+ 21. Ng3 Be5 22. Re3 Bxg3 23. Rxf3 Bxf2+ 24. Kh1 Rd2 25. Bxf7+ Kg7 26. Qa4 Be3 27. Rf2 Rxf2 0-1

[Event "*** Titled Tuesday Blitz"]
[Site "Chess.com"]
[Date "2020.12.29"]
[Round "2"]
[White "JozefKneht"]
[Black "esapunov"]
[Result "0-1"]
[WhiteElo "2496"]
[BlackElo "2724"]
[TimeControl "180+1"]
[EndTime "10:17:56 PST"]
[Termination "esapunov won by resignation"]

1. d4 Nf6 2. Bf4 d6 3. e3 g6 4. h3 Bg7 5. Nf3 O-O 6. Be2 c5 7. c3 b6 8. O-O Bb7 9. Nbd2 Nbd7 10. a4 a6 11. Bh2 Qb8 12. Bd3 b5 13. e4 c4 14. Bc2 Nb6 15. a5 Nbd7 16. e5 Ne8 17. Qe2 dxe5 18. Nxe5 Qc8 19. Rfe1 Ndf6 20. Ne4 Nxe4 21.
Bxe4 Bxe4 22. Qxe4 Nf6 23. Qh4 e6 24. Bf4 Nd5 25. Bh6 Qd8 26. Qxd8 Rfxd8 27. Bxg7 Kxg7 28. Rec1 Rac8 29. g3 g5 30. Kg2 Rc7 31. Kf3 h5 32. Ke2 Rb8 33. Kd2 f6 34. Nf3 b4 35. Ra4 bxc3+ 36. bxc3 Rb2+ 37. Rc2 Rb3 38. Ng1 Kg6 39. Ne2 Kf5 40. Nc1 Rb5 41. Ne2 Ke4 42. Ng1 Rb1 43. f3+ Kf5 44. Ne2 h4 45. g4+ Kg6 46. Rc1 Rb2+ 47. Rc2 Rb3 48. Rc1 f5 49. Rc2 Rb8 50.
Rc1 fxg4 51. fxg4 Rf8 52. Rb1 Rf2 53. Rb6 Nxb6 54. axb6 Rb7 55. Rxa6 Rh2 56. Ra4 Rxb6 57. Rxc4 Rb2+ 0-1

[Event "*** Titled Tuesday Blitz"]
[Site "Chess.com"]
[Date "2020.12.29"]
[Round "2"]
[White "guillembaches"]
[Black "PavlovDanila"]
[Result "1/2-1/2"]
[WhiteElo "2466"]
[BlackElo "2692"]
[TimeControl "180+1"]
[EndTime "10:17:56 PST"]
[Termination "Game drawn by agreement"]

1. e4 e6 2. d4 d5 3. exd5 exd5 4.
Nf3 Nc6 5. Bb5 Bd6 6. c4 dxc4 7. d5 a6 8. Ba4 b5 9. dxc6 bxa4 10. Qxa4 Qe7+ 11.
Be3 Be6 12. Nbd2 Nf6 13. Nxc4 Bc5 14. O-O O-O 15. Bxc5 Qxc5 16. Rac1 Qh5 17. Nce5 Bd5 18. Rfe1 Rfe8 19. b3 Re7 20. Qf4 Rae8 21. h3 h6 22. Re3 Bxf3 23. Nxf3 Rxe3 24. fxe3 Nd5 25. Qg3 Rxe3 26.
Re1 Rxe1+ 27. Qxe1 Qg6 28. Qe8+ Kh7 29. Qd7 Qd3 30.
Kh2 f6 31. Qg4 Qg6 32. Qd4 Qf5 1/2-1/2